AoeStats
← Saladin

Marketplace

504432495Analyzed
1v1 RM · 28d ago on Sep 5, 2026· 25m 43s· 2 players
Game mode
Random Map
Map size
Tiny (2 player)
Population
200
Speed
Normal
Resources
Standard
Victory
Conquest
Starting age
Dark Age
Ending age
Imperial Age
RankedLock teamsTeams togetherTeam positionsShared explorationLock speedFull tech treeHidden civsTurbo modeCheats
Victory
Defeat
🇵🇰 Aztecs · Pakistan
1149
+49
🇷🇺 Mongols · Russia
1185
-18
Saladin
10:27 Feudal Age
14:24 Castle Age
13:05 Double-Bit Axe
13:40 Gold Mining
16:02 Fervor
16:13 Sanctity
19:05 Redemption
23:40 Devotion
Engineer
3:51 Loom
9:19 Feudal Age
10:55 Double-Bit Axe
12:00 Horse Collar
19:43 Castle Age
19:36 Gold Mining
24:46 Fletching
Connection lost

Rejoining the realm…

Still unreachable

The connection could not be restored.

Session expired

The server has moved on; the page needs a fresh start.